 Dungeon Crawl Stone Soup version 0.27.1-34-g3ba077fa99 (webtiles) character file.

Game seed: 7994584965618684198

3368 DildoBatman the Blocker (level 10, 0/74 HPs)
             Began as a Formicid Conjurer on Jan 16, 2022.
             Was a Believer of Kikubaaqudgha.
             Hit by a silver boomerang thrown by an orc knight (2 damage)
             ... in a bailey.
             The game lasted 00:26:50 (6884 turns).

DildoBatman the Blocker (Formicid Conjurer)         Turns: 6884, Time: 00:26:51

Health: 0/74       AC:  9    Str: 12    XL:     10   Next: 23%
Magic:  20/20      EV: 12    Int: 18    God:    Kikubaaqudgha [**....]
Gold:   306        SH: 12    Dex: 12    Spells: 2/23 levels left

rFire    . . .     SeeInvis +   b - +0 hunting sling
rCold    . . .     Faith    .   j - +2 kite shield
rNeg     . . .     Spirit   .   d - +0 steam dragon scales
rPois    .         Reflect  .   (helmet unavailable)
rElec    .         Harm     .   G - +0 cloak
rCorr    +         Rampage  .   t - +0 pair of gloves
Will     +....                  f - +0 pair of boots
Stlth    ++........             (no amulet)
HPRegen  0.22/turn              p - ring of resist corrosion
MPRegen  0.17/turn              (no ring)

@: no status effects
A: permanent stasis, dig shafts and tunnels, antennae 3, four strong arms
a: Dig, Renounce Religion, Receive Corpses


You were in a bailey.
You worshipped Kikubaaqudgha.
Kikubaaqudgha was pleased with you.
You visited 2 branches of the dungeon, and saw 9 of its levels.
You also visited: Bailey.

You collected 306 gold pieces.

Inventory:

Hand Weapons
 a - a +2 dagger of electrocution
 b - a +0 hunting sling (weapon)
Missiles
 c - 13 poisoned darts
 k - 37 stones (quivered ammo)
 q - 79 arrows
 u - 11 sling bullets
 y - 208 bolts
 H - 11 boomerangs
Armour
 d - +0 steam dragon scales (worn)
 f - a +0 pair of boots (worn)
 j - a +2 kite shield (worn)
 t - a +0 pair of gloves (worn)
 A - +0 acid dragon scales
 G - a +0 cloak (worn)
Magical Staves
 E - a staff of cold
Jewellery
 p - a ring of resist corrosion (left hand)
 x - a ring of fire
Wands
 D - a wand of iceblast (14)
Scrolls
 l - a scroll of enchant weapon {unknown}
 n - 3 scrolls of fear
 r - a scroll of teleportation {unknown}
 s - a scroll of noise
 v - 2 scrolls of acquirement
 w - 2 scrolls of vulnerability
 F - a scroll of magic mapping {unknown}
Potions
 e - 4 potions of heal wounds {unknown}
 g - a potion of curing {unknown}
 h - 2 potions of cancellation {unknown}
 i - 2 potions of brilliance {unknown}
 m - 3 potions of berserk rage {unknown}
 o - a potion of resistance {unknown}
 z - a potion of haste {unknown}
 B - a potion of attraction {unknown}
 C - a potion of lignification {unknown}
 I - 3 potions of flight


   Skills:
 - Level 5.0 Fighting
 - Level 5.0 Armour
 - Level 3.0 Dodging
 - Level 2.4 Stealth
 - Level 9.0 Shields
 - Level 7.0 Spellcasting
 - Level 6.0 Conjurations
 - Level 2.0 Hexes
 - Level 2.3 Necromancy
 * Level 0.5 Ice Magic


You had 2 spell levels left.
You knew the following spells:

 Your Spells              Type           Power      Damage    Failure   Level
a - Searing Ray           Conj           54%        3d5       1%          2
b - Dazzling Flash        Conj/Hex       40%        N/A       6%          3
c - Magic Dart            Conj           100%       1d8       1%          1
d - Vampiric Draining     Necr           7%         2d7       12%         3
e - Hailstorm             Conj/Ice       18%        3d6       28%         4
f - Frozen Ramparts       Ice            16%        1d3       26%         3
g - Ozocubu's Armour      Ice            8%         N/A       26%         3
z - Sublimation of Blood  Necr           7%         N/A       6%          2

Your spell library contained the following spells:

 Spells                   Type           Power      Damage    Failure   Level
 Animate Skeleton         Necr           28%        N/A       4%          1
 Pain                     Necr           56%        1d6       4%          1
 Freeze                   Ice            32%        1d5       9%          1
 Fulminant Prism          Conj/Hex       10%        3d9       21%         4
 Iskenderun's Mystic Bla  Conj/Tloc      17%        2d5       30%         4
 Ice Form                 Ice/Tmut       7%         N/A       67%         4
 Metabolic Englaciation   Hex/Ice        5%         N/A       87%         5
 Simulacrum               Ice/Necr       5%         N/A       100%        6


Dungeon Overview and Level Annotations

Branches:
Dungeon (8/15)             Temple (1/1) D:5          Bailey (1/1)
   Lair: D:8-11

Altars:
Ashenzari
Cheibriados
Elyvilon
Fedhas
Gozag
Hepliaklqana
Kikubaaqudgha
Nemelex Xobeh
Okawaru
Qazlal
Ru
Sif Muna
Trog
Vehumet
Wu Jian
Xom
Yredelemnul
Zin
The Shining One

Shops:
D:7 *


Innate Abilities, Weirdness & Mutations

You cannot be hasted, slowed, berserked, paralysed or teleported.
You can dig through walls and to a lower floor.
You have a pair of large antennae on your head. (SInv)
Your four strong arms can wield two-handed weapons with a shield.


Message History

Here: an orc knight, wielding a +0 war axe, wearing a +0 ring mail and quivering silver boomerangs (moderately wounded, strong)
Items here: a +0 hand axe; a +0 leather armour; 7 stones.
The floor.
Unknown command.
You start resting.
Magic restored.
The orc knight throws a silver boomerang.
You block the silver boomerang.
You shoot a stone.
The stone hits the orc knight but does no damage.
The orc knight is lightly wounded.
You shoot a stone. The orc knight shouts!
The stone hits the orc knight but does no damage.
The orc knight is lightly wounded.
You shoot a stone.
The stone hits the orc knight but does no damage.
The orc knight is lightly wounded.
The orc knight roars a battlecry!
The orcs go into a battle-frenzy!
The orc knight roars a battlecry!
The orc knight goes into a battle-frenzy!
You shoot a stone.
The stone hits the orc knight but does no damage.
The orc knight is lightly wounded.
The orc knight throws a silver boomerang.
You block the silver boomerang.
You shoot a stone.
The stone closely misses the orc knight.
The orc knight throws a silver boomerang.
The silver boomerang misses you.
You shoot a stone.
The stone hits the orc knight but does no damage.
The orc knight is lightly wounded.
The orc knight throws a silver boomerang.
The silver boomerang hits you!!
The orc knight throws a silver boomerang.
The silver boomerang hits you!
You die...
Kikubaaqudgha rasps: "You have failed me!
Welcome... death!"

## # # #### ...#### ......###
.∩......####
...........########
≈≈≈≈≈≈........##@.#
≈≈≈≈≈≈≈≈........###
######≈≈≈≈≈......#### #####
.KK{{#∩≈≈≈≈≈≈≈......###...##
.o{{{####)≈≈≈≈≈≈≈≈≈≈...≈≈≈.##
#'####..#(.(oo≈≈≈≈≈≈≈≈≈≈≈≈#.#
..K ^...###.()(o{#≈≈≈≈≈≈###.#
###..#(((((..######### #.#
#..###(((((. #.#


You could see 2 orc knights and an orc warrior (strong).

Vanquished Creatures
  Pikel (D:7)
  2 steam dragons (D:8)
  An acid dragon (D:5)
  2 orc warriors
  3 sky beasts
  2 ice beasts
  A necrophage (D:5)
  3 ogres (D:4)
  2 phantoms
  2 centaurs
  4 lemures (D:7)
  A kobold brigand (D:7)
  2 bullfrogs
  A wyvern zombie (D:8)
  A water moccasin skeleton (D:6)
  A howler monkey (D:4)
  3 centaur zombies
  5 hounds
  A bullfrog zombie (D:6)
  3 orc priests
  2 centaur skeletons
  A bullfrog skeleton (D:7)
  An iguana (D:6)
  6 orc wizards
  A killer bee zombie (D:8)
  Robin (D:3)
  A howler monkey skeleton (D:4)
  6 gnolls
  7 adders
  2 white imps
  2 adder skeletons (D:4)
  A worm (D:5)
  A dart slug (D:1)
  21 orcs
  A bat (D:2)
  7 endoplasms
  2 giant cockroaches (D:4)
  19 goblins
  10 hobgoblins
  4 ball pythons
  3 frilled lizards
  20 kobolds
  A rat (D:2)
161 creatures vanquished.

Notes
Turn   | Place    | Note
-------+----------+-------------------------------------------
     0 | D:1      | DildoBatman the Formicid Conjurer began the quest for the
                  | Orb.
     0 | D:1      | Reached XP level 1. HP: 13/13 MP: 3/3
    74 | D:1      | You fall into a shaft and drop 1 floor!
   380 | D:1      | Reached XP level 2. HP: 19/19 MP: 1/5
   383 | D:1      | Learned a level 2 spell: Searing Ray
   967 | D:1      | Reached XP level 3. HP: 24/24 MP: 1/6
  1021 | D:1      | Found a faded altar of an unknown god.
  1324 | D:2      | Reached XP level 4. HP: 12/30 MP: 2/7
  1695 | D:3      | Reached skill level 5 in Conjurations
  1781 | D:3      | Noticed a bullfrog
  2019 | D:3      | Reached XP level 5. HP: 35/35 MP: 5/8
  2391 | D:4      | Noticed an ogre
  2625 | D:4      | Noticed an ogre
  2636 | D:4      | Killed an ogre
  2637 | D:4      | Reached XP level 6. HP: 39/41 MP: 4/11
  2992 | D:4      | Noticed an ogre
  3004 | D:4      | Killed an ogre
  3005 | D:4      | Reached skill level 5 in Spellcasting
  3005 | D:4      | Reached XP level 7. HP: 44/46 MP: 4/14
  3331 | D:5      | Entered Level 5 of the Dungeon
  3387 | D:5      | Found a staircase to the Ecumenical Temple.
  3395 | Temple   | Entered the Ecumenical Temple
  3616 | Temple   | Became a worshipper of Kikubaaqudgha
  3693 | D:3      | Noticed Robin
  3703 | D:3      | Killed Robin
  3791 | D:3      | Reached XP level 8. HP: 52/52 MP: 9/18
  4041 | D:5      | Reached skill level 1 in Fighting
  4041 | D:5      | Reached skill level 1 in Armour
  4041 | D:5      | Reached skill level 1 in Shields
  4087 | D:5      | Reached skill level 3 in Shields
  4144 | D:5      | Found a basalt altar of Yredelemnul.
  4663 | D:6      | Reached * piety under Kikubaaqudgha
  4663 | D:6      | Received a gift from Kikubaaqudgha
  4665 | D:6      | Reached skill level 4 in Shields
  4701 | D:6      | Reached skill level 5 in Shields
  4795 | D:6      | Reached skill level 6 in Shields
  4803 | D:6      | Reached XP level 9. HP: 60/61 MP: 9/19
  4975 | D:6      | Reached skill level 7 in Shields
  5146 | D:6      | Reached skill level 8 in Shields
  5686 | D:7      | Reached skill level 9 in Shields
  5696 | D:7      | Learned a level 2 spell: Sublimation of Blood
  5700 | D:7      | Learned a level 3 spell: Ozocubu's Armour
  5704 | D:7      | Learned a level 3 spell: Vampiric Draining
  5807 | D:7      | Found Cimu's Neck Hole.
  5871 | D:7      | Noticed Pikel
  5881 | D:7      | Killed Pikel
  6032 | D:7      | Reached ** piety under Kikubaaqudgha
  6132 | D:7      | Reached XP level 10. HP: 41/73 MP: 11/20
  6262 | D:8      | Identified a scroll of acquirement
  6283 | D:8      | Reached skill level 5 in Fighting
  6312 | D:8      | Reached skill level 5 in Armour
  6350 | D:8      | Reached skill level 1 in Necromancy
  6399 | D:8      | Found a flagged portal.
  6501 | D:8      | Learned a level 3 spell: Frozen Ramparts
  6506 | D:8      | Learned a level 4 spell: Hailstorm
  6508 | Bailey   | Entered a bailey
  6514 | Bailey   | Noticed an orc knight
  6524 | Bailey   | Noticed an orc knight
  6666 | Bailey   | Noticed an orc knight
  6707 | Bailey   | Learned a level 3 spell: Dazzling Flash
  6884 | Bailey   | HP: 2/74 [orc knight/silver boomerang (9)]
  6884 | Bailey   | Hit by a silver boomerang thrown by an orc knight

Illustrated notes

Levels and vault maps discovered:
D:1:      lightli_arrival_maybe_door_vault, layout_loops_corners,
          dreamdust_ecumenical_altar_hidden_monk_grotto
D:2:      layout_basic
D:3:      layout_basic, uniq_robin
D:4:      layout_basic
D:5:      layout_loops_ring, yredelemnul_altar_generic,
          minmay_temple_entry_grid, eino_tiny_chamber
D:6:      layout_layer_cave
D:7:      layout_cave_pools, nicolae_shop_sticking_my_neck_out, uniq_pikel
D:8:      layout_rooms, enter_bailey_4
Temple:   eino_narrow_crystal_temple
Bailey:   bailey_axe_4, bailey

Skill      XL: |  1  2  3  4  5  6  7  8  9 10 |
---------------+-------------------------------+-----
Conjurations   | 4 5 6 |  6.0
Spellcasting   | 3 5 6 7 |  7.0
Fighting       | 2 4 5 |  5.0
Armour         | 2 4 5 |  5.0
Shields        | 6 9 |  9.0
Dodging        | 3 |  3.0
Necromancy     | 2 |  2.3
Hexes          | 2 |  2.0
Stealth        | |  2.4
Ice Magic      | |  0.5

Action                   |  1- 3 |  4- 6 |  7- 9 | 10-12 || total
-------------------------+-------+-------+-------+-------++-------
Melee: Mace              |     1 |       |       |       ||     1
       Dagger            |       |    18 |    75 |     8 ||   101
 Fire: Hunting sling     |       |       |       |   104 ||   104
 Cast: Magic Dart        |    30 |    24 |    10 |    11 ||    75
       Searing Ray       |     4 |    15 |    46 |    16 ||    81
       Dazzling Flash    |       |       |       |     4 ||     4
       Sublimation of Bl |       |       |       |     2 ||     2
 Abil: Dig               |     3 |     4 |    10 |     6 ||    23
  Use: Scroll            |       |       |       |     4 ||     4
 Stab: Sleeping          |       |     1 |     1 |       ||     2
Armor: Robe              |       |     7 |     3 |       ||    10
       Acid dragon scale |       |       |    44 |       ||    44
       Steam dragon scal |       |       |       |     6 ||     6
Dodge: Dodged            |     5 |    19 |    60 |     9 ||    93
Block: Kite shield       |       |       |    22 |    30 ||    52
